 Dungeon Crawl Stone Soup version 0.31-a0-37-g98a128e1d9 (webtiles) character file.

Game seed: 2764634608278960031

366 pk666 the Magician (level 6, -4/32 HPs)
             Began as a Deep Elf Fire Elementalist on May 15, 2023.
             Slain by Natasha (9 damage)
             ... on level 3 of the Dungeon.
             The game lasted 00:05:00 (3269 turns).

pk666 the Magician (Deep Elf Fire Elementalist)     Turns: 3269, Time: 00:05:02

Health: -4/32      AC:  2    Str:  5    XL:     6   Next: 40%
Magic:  13/15      EV: 14    Int: 22    God:
Gold:   91         SH:  0    Dex: 15    Spells: 12/15 levels left

rFire   . . .        d - +0 dagger
rCold   . . .        (no shield)
rNeg    . . .        a - +0 robe
rPois   .            (no helmet)
rElec   .            (no cloak)
rCorr   .            (no gloves)
SInv    .            (no boots)
Will    .....        l - amulet of magic regeneration
Stlth   ++           (no ring)
HPRegen 0.25/turn    (no ring)
MPRegen 0.54/turn

%: no passive effects
@: no status effects
A: no striking features
a: no special abilities


You were on level 3 of the Dungeon.
You visited 1 branch of the dungeon, and saw 3 of its levels.
You also visited: Sewer.

You collected 91 gold pieces.

Inventory:

Hand Weapons
 d - a +0 dagger (weapon)
Armour
 a - a +0 robe (worn)
Jewellery
 l - an amulet of magic regeneration (around neck)
Wands
 k - a wand of light (8)
Scrolls
 c - a scroll of immolation {unknown}
 e - 2 scrolls of identify {unknown}
 g - 2 scrolls of magic mapping {unknown}
 n - 3 scrolls of teleportation {unknown}
 o - 2 scrolls of blinking
Potions
 b - a potion of magic
 f - 2 potions of flight {unknown}
 h - a potion of heal wounds {unknown}
 i - a potion of might {unknown}
 j - a potion of ambrosia {unknown}
 m - a potion of curing {unknown}


   Skills:
 + Level 4.5 Dodging
 - Level 2.4 Stealth
 + Level 5.2 Spellcasting
 + Level 3.6 Conjurations
 + Level 4.9 Fire Magic


You had 12 spell levels left.
You knew the following spells:

 Your Spells              Type           Power      Damage    Failure   Level
a - Foxfire               Conj/Fire      96%        2x1d8     1%          1
b - Scorch                Fire           54%        2d7       1%          2

Your spell library contained the following spells:

 Spells                   Type           Power      Damage    Failure   Level
 Inner Flame              Hex/Fire       16%        N/A       11%         3
 Volatile Blastmotes      Fire/Tloc      32%        2d12      11%         3
 Flame Wave               Conj/Fire      24%        2d8       17%         4


Dungeon Overview and Level Annotations

Branches:
Dungeon (3/15)              Sewer (visited)

Altars:

Annotations:
D:3 Natasha


Message History

Your foxfire dissipates!
The orc attacks as you move away! The orc hits you but does no damage.
The orc attacks as you move away! The orc closely misses you.
Casting: Scorch (safe; 1% risk of failure)
Confirm with . or Enter, or press ? or * to list all spells.
You conjure some foxfire!
The orc hits you with a +0 club.
The foxfire hits the orc.
The orc is lightly wounded.
The foxfire hits the orc.
The orc is moderately wounded.
Natasha, Servant of Life and Death comes into view.
The orc barely misses you.
Casting: Foxfire (safe; 1% risk of failure)
Confirm with . or Enter, or press ? or * to list all spells.
You conjure some foxfire!
Natasha casts a spell at you. The magic dart hits you.
The orc barely misses you. The goblin hits you but does no damage.
The foxfire hits the orc.
The orc is severely wounded.
The foxfire hits the orc!
You kill the orc!
The goblin hits you with a +0 club.
Casting: Foxfire (safe; 1% risk of failure)
Confirm with . or Enter, or press ? or * to list all spells.
You conjure some foxfire!
The goblin hits you with a +0 club. Natasha claws you!
* * * LOW HITPOINT WARNING * * *
The foxfire hits the goblin!
You kill the goblin!
The foxfire hits Natasha.
Natasha is lightly wounded.
Natasha mumbles some strange words.
Casting: Foxfire (safe; 1% risk of failure)
Confirm with . or Enter, or press ? or * to list all spells.
Flames lash the cerulean imp.
The cerulean imp is severely wounded.
The cerulean imp's fire resistance burns away.
The cerulean imp misses you. Natasha claws you!
You die...

#...~~~~.# ###.##~~~~~#
#...##.~~~~# ##
#####.#.##.[.~~# ..
#.....#........#
###[####.#####÷#....###
#...†..........######
......####.)5h##.#
....)......)@.##.#
##.#..<....§§.##.# ..
...>......##.# .
...#.......##.#
#..#......###..
#..#..###)# #.#
#..#..##..#.#
#..#..##[...#
#..#......#.#


You could see Natasha and a cerulean imp (summoned, combustible).

Vanquished Creatures
  2 bullfrogs (Sewer)
  Jessica (D:3)
  Natasha (twice) (D:3)
  6 adders (D:2)
  A river rat (D:3)
  A worm (D:2)
  An orc (D:3)
  9 endoplasms
  9 giant cockroaches
  6 goblins
  4 hobgoblins
  5 kobolds
  17 quokkas
  21 ball pythons
  3 bats
  8 frilled lizards
  8 rats
104 creatures vanquished.

Vanquished Creatures (others)
  320 foxfires
320 creatures vanquished.

Grand Total: 424 creatures vanquished

Notes
Turn   | Place    | Note
-------+----------+-------------------------------------------
     0 | D:1      | pk666 the Deep Elf Fire Elementalist began the quest for
                  | the Orb.
     0 | D:1      | Reached XP level 1. HP: 10/10 MP: 6/6
   410 | D:1      | Reached XP level 2. HP: 13/15 MP: 4/8
   413 | D:1      | Learned a level 2 spell: Scorch
  1119 | D:2      | Reached XP level 3. HP: 19/19 MP: 7/10
  1474 | D:2      | Reached XP level 4. HP: 24/24 MP: 6/11
  1724 | D:2      | Reached skill level 4 in Spellcasting
  2202 | D:3      | Noticed Natasha
  2210 | D:3      | Killed Natasha
  2243 | D:3      | Noticed Jessica
  2260 | D:3      | Killed Jessica
  2261 | D:3      | Reached XP level 5. HP: 28/28 MP: 8/13
  2336 | D:3      | Found a glowing drain.
  2386 | Sewer    | Entered a sewer
  3080 | Sewer    | Reached skill level 5 in Spellcasting
  3080 | Sewer    | Reached XP level 6. HP: 7/32 MP: 11/15
  3195 | Sewer    | Identified the +2 scale mail of Complete Protection {Harm
                  | rN+}
  3246 | D:3      | Noticed Natasha
  3257 | D:3      | Killed Natasha
  3264 | D:3      | Noticed Natasha
  3269 | D:3      | Slain by Natasha

Illustrated notes

Levels and vault maps discovered:
D:1:      heliophobic_arrival_battle_scene, layout_loops_ring, amethyst_killhole
D:2:      layout_basic, minmay_tall_x
D:3:      layout_basic, portal_sewer_entry_b, uniq_natasha, uniq_grinder,
          uniq_jessica

Skill      XL: |  1  2  3  4  5 |
---------------+----------------+-----
Dodging        | 3 4 |  4.5
Conjurations   | 2 3 |  3.6
Fire Magic     | 4 |  4.9
Spellcasting   | 4 5 |  5.2
Stealth        | |  2.4

Action                     |  1- 3 |  4- 6 || total
---------------------------+-------+-------++-------
  Melee: Dagger            |       |     1 ||     1
   Cast: Foxfire           |    75 |   108 ||   183
         Scorch            |     2 |    17 ||    19
 Armour: Robe              |       |     5 ||     5
  Dodge: Dodged            |     4 |    13 ||    17

Table legend: (Time is in decaauts)
 A = Elapsed time spent in this place.
 B = Non-inter-level travel time spent in this place.
 C = Inter-level travel time spent in this place.
 D = Time resting spent in this place.
 E = Time spent auto-exploring this place.
 F = Levels seen in this place.
 G = Mean time per level.
                   A        B        C        D        E       F      G
               +--------+--------+--------+--------+--------+-----+--------+
         Total |   3332 |   3308 |     24 |    383 |   2323 |   4 |  833.0 |
       Dungeon |   2433 |   2409 |     24 |    144 |   1891 |   3 |  811.0 |
         Sewer |    899 |    899 |      0 |    239 |    432 |   1 |  899.0 |
               +--------+--------+--------+--------+--------+-----+--------+

Top non-repeatable levels by time:
     D:2: 1200 daAuts
     D:1: 930 daAuts
   Sewer: 899 daAuts
     D:3: 301 daAuts
